 Dungeon Crawl Stone Soup version 0.18.1-48-g4cf74bf (webtiles) character file.

6272 Jonno22 the Carver (level 11, -1/85 HPs)
             Began as a Human Fighter on Aug 22, 2016.
             Was a High Priest of the Shining One.
             Slain by Anatei's ghost (15 damage)
             ... on level 9 of the Dungeon.
             The game lasted 01:43:43 (8265 turns).

Jonno22 the Carver (Human Fighter)                  Turns: 8265, Time: 01:43:44

Health: -1/85      AC: 19    Str: 19    XL:     11   Next: 15%
Magic:  20/20      EV:  6    Int:  8    God:    the Shining One [*****.]
Gold:   643        SH: 13    Dex: 14    Spells: 0 memorised, 10 levels left

rFire  . . .     SeeInvis .     k - +0 mace (holy)
rCold  . . .     Gourm    .     A - +3 plate armour
rNeg   + + .     Faith    .     c - +0 shield
rPois  .         Spirit   .     z - +0 helmet
rElec  .         Dismiss  .     (no cloak)
rCorr  .         Reflect  +     t - +0 pair of gloves
SustAt .         Harm     .     (no boots)
MR     .....                    E - +2 amulet of reflection
Stlth  ..........               (no ring)
                                N - ring of magical power

@: glowing, not resistant to hostile enchantments, extremely unstealthy
A: no striking features
a: Divine Shield, Cleansing Flame, Summon Divine Warrior, Renounce Religion


You were on level 9 of the Dungeon.
You worshipped the Shining One.
The Shining One was extremely pleased with you.
You were not hungry.

You visited 2 branches of the dungeon, and saw 10 of its levels.
You also visited: Ossuary.

You collected 643 gold pieces.

Inventory:

Hand Weapons
 g - a +2 shortbow of evasion
 j - a +1 falchion of protection
 k - a +0 mace of holy wrath (weapon)
 l - a +3 long sword of electrocution
 u - a +4 short sword of flaming
 K - a +1 shortbow of velocity
 T - a +3 hunting sling of evasion
Missiles
 m - 104 sling bullets (quivered)
 C - 194 arrows
Armour
 c - a +0 shield (worn)
 t - a +0 pair of gloves (worn)
 z - a +0 helmet (worn)
 A - a +3 plate armour (worn)
Jewellery
 p - an uncursed amulet of rage
 E - a +2 amulet of reflection (around neck)
 N - a ring of magical power (left hand)
Wands
 w - a wand of enslavement (11/24)
 B - a wand of polymorph (6/24)
Scrolls
 b - 3 scrolls of teleportation
 o - a scroll of fear {unknown}
 q - a scroll of silence {unknown}
 r - a scroll of recharging
 s - 2 scrolls of amnesia {unknown}
 y - a scroll of immolation {unknown}
 M - a scroll of magic mapping {unknown}
 P - a scroll of remove curse
 Q - a scroll of fog {unknown}
Potions
 d - 2 potions of might
 e - 2 potions of berserk rage
 h - a potion of lignification {unknown}
 i - a potion of ambrosia {unknown}
 n - a potion of cure mutation {unknown}
 x - a potion of cancellation {unknown}
 D - 3 potions of brilliance {unknown}
 F - a potion of degeneration {unknown}
 G - a potion of haste
 H - a potion of flight {unknown}
 J - a potion of heal wounds
 L - a potion of magic
 V - a potion of beneficial mutation {unknown}
Books
 a - a book of Conjurations

   Spells                             Type                      Level
   a - Magic Dart                     Conjuration                  1
   b - Searing Ray                    Conjuration                  2
   c - Dazzling Spray                 Conjuration/Hexes            3
   d - Fulminant Prism                Conjuration/Hexes            4
   e - Iskenderun's Mystic Blast      Conjuration                  4
   f - Iskenderun's Battlesphere      Conjuration/Charms           5
 I - a book of Burglary

   Spells                             Type                      Level
   a - Swiftness                      Charms/Air                   2
   b - Passwall                       Transmutation/Earth          2
   c - Passage of Golubria            Translocation                4
   d - Lee's Rapid Deconstruction     Earth                        5
   e - Darkness                       Hexes                        6
   f - Invisibility                   Hexes                        6
Miscellaneous
 S - a plain deck of wonders
Comestibles
 f - 2 fruits
 O - 2 meat rations
 R - 2 bread rations
 U - a beef jerky


   Skills:
 + Level 7.7 Fighting
 + Level 9.4 Long Blades
 + Level 0.2 Bows
 + Level 8.1 Armour
 + Level 3.2 Dodging
 + Level 1.0 Stealth
 + Level 8.3 Shields


You had 10 spell levels left.
You didn't know any spells.

Dungeon Overview and Level Annotations

Branches:
Dungeon (9/15)             Temple (1/1) D:5            Lair (0/8) D:9
    Orc: D:9-12

Altars:
Ashenzari
Cheibriados
Dithmenos
Elyvilon
Fedhas
Gozag
Kikubaaqudgha
Makhleb
Nemelex Xobeh
Okawaru
Pakellas
Qazlal
Ru
Sif Muna
Trog
Vehumet
Xom
Yredelemnul
Zin
The Shining One

Shops:
D:7 [

Annotations:
D:5 1 runed door
D:9 Anatei's ghost, novice FeBe


Message History

You block Anatei's ghost's attack.
Anatei's ghost says, "Missed me!"
Anatei's ghost hits you.
* * * LOW HITPOINT WARNING * * *
You feel better. You block Anatei's ghost's attack.
You completely miss Anatei's ghost.
Anatei's ghost is moderately damaged.
You block Anatei's ghost's attack.
You miss Anatei's ghost.
Anatei's ghost is moderately damaged.
Anatei's ghost hits you! Anatei's ghost hits you.
You miss Anatei's ghost.
Anatei's ghost is moderately damaged.
You block Anatei's ghost's attack.
You completely miss Anatei's ghost.
Anatei's ghost is moderately damaged.
Anatei's ghost hits you!
* * * LOW HITPOINT WARNING * * *
Anatei's ghost hits you!
You die...

...#####.(..........## ..
.....................##§#
..........................
##'########......§.≈≈§§(...
#.........#.(.((...≈≈§§§..#
#....††...##'###..§≈≈.§§..#
'.....(...).......≈≈(>.§..#
#...............W.≈≈≈≈.≈≈.#
#...............@..≈≈≈≈.≈.#
#....................≈≈≈..#
##........................#
###'########.....##########
#..........#.....#.......#
#..........#######.......#
#........................#
#........................# ######
#..............##....##..###.....


You could see Anatei's ghost.

Vanquished Creatures
  The ghost of PossumBlood the Fighter, a novice MiFi (D:7)
  A cyclops (D:9)
  Joseph (D:8)
  Maurice (D:8)
  A two-headed ogre (D:6)
  Prince Ribbit (D:8)
  3 yaks (D:9)
  2 hungry ghosts (D:8)
  2 hell hounds (D:9)
  A water moccasin (D:7)
  An orc warrior (D:6)
  An ice beast (D:7)
  A wasp (D:8)
  3 ogres
  A phantom (D:7)
  4 centaurs
  A necrophage (D:5)
  2 giant frogs
  2 elf skeletons (D:4)
  2 water moccasin zombies (Ossuary)
  4 scorpions
  2 howler monkeys
  4 wights (D:8)
  3 crimson imps
  A giant frog zombie (D:8)
  5 hounds
  A centaur zombie (D:6)
  4 jellies
  3 orc priests
  6 orc wizards
  2 giant frog skeletons (D:6)
  2 human skeletons (D:4)
  2 iguanas
  5 worker ants
  A killer bee zombie (D:9)
  4 sheep (D:9)
  3 big kobold zombies (Ossuary)
  2 mummies (Ossuary)
  2 worker ant zombies
  3 gnolls (D:2)
  6 adders
  2 shadow imps
  6 adder zombies (Ossuary)
  3 adder skeletons
  6 worms
  2 dart slugs
  8 giant geckos
  20 orcs
  6 ball pythons
  8 bats
  9 giant cockroaches
  2 gnoll zombies (Ossuary)
  9 goblins
  2 hobgoblins
  8 jackals
  4 kobolds
  5 quokkas
  4 giant newts
  A hobgoblin zombie (Ossuary)
  7 kobold zombies (Ossuary)
  2 orc skeletons (D:4)
  3 orc zombies (Ossuary)
  2 quokka skeletons
  6 rats
222 creatures vanquished.

Vanquished Creatures (others)
  A centaur (D:9)
  A ball python (D:6)
2 creatures vanquished.

Grand Total: 224 creatures vanquished

Notes
Turn   | Place    | Note
--------------------------------------------------------------
     0 | D:1      | Jonno22 the Human Fighter began the quest for the Orb.
     0 | D:1      | Reached XP level 1. HP: 18/18 MP: 1/1
   131 | D:1      | Reached XP level 2. HP: 13/24 MP: 2/2
   342 | D:1      | Found a glowing golden altar of the Shining One.
   394 | D:1      | Became a worshipper of the Shining One
   633 | D:2      | Found an oddly glowing altar of Pakellas.
   634 | D:2      | Found a sacrificial altar of Ru.
   644 | D:2      | Found an opulent altar of Gozag.
   695 | D:2      | Reached XP level 3. HP: 29/29 MP: 3/3
   921 | D:2      | Reached skill level 1 in Dodging
  1272 | D:2      | Reached XP level 4. HP: 29/35 MP: 4/4
  1937 | D:3      | Reached XP level 5. HP: 36/41 MP: 5/5
  2162 | D:3      | Found an ancient bone altar of Kikubaaqudgha.
  2474 | D:4      | Reached skill level 3 in Long Blades
  2509 | D:4      | Reached XP level 6. HP: 22/47 MP: 6/6
  2552 | D:4      | Found a snail-covered altar of Cheibriados.
  2694 | D:4      | Reached skill level 4 in Long Blades
  2736 | D:4      | Reached XP level 7. HP: 26/53 MP: 7/7
  2743 | D:4      | Reached * piety under the Shining One
  2779 | D:4      | Found a sand-covered staircase.
  2799 | Ossuary  | Entered an ossuary
  2831 | Ossuary  | Reached ** piety under the Shining One
  2846 | Ossuary  | Reached skill level 5 in Long Blades
  2950 | Ossuary  | Reached *** piety under the Shining One
  3010 | Ossuary  | Reached XP level 8. HP: 46/60 MP: 8/8
  3151 | D:4      | Found a deep blue altar of Sif Muna.
  3595 | D:5      | Entered Level 5 of the Dungeon
  3631 | D:5      | Reached skill level 5 in Shields
  3858 | D:5      | Reached skill level 5 in Fighting
  3858 | D:5      | Reached skill level 6 in Long Blades
  3938 | D:5      | Reached skill level 5 in Armour
  4175 | D:5      | Found a runed door.
  4177 | D:5      | Found a white marble altar of Elyvilon.
  4177 | D:5      | Noticed an angel
  4403 | D:5      | Found a staircase to the Ecumenical Temple.
  4413 | Temple   | Entered the Ecumenical Temple
  4973 | D:6      | Noticed a two-headed ogre
  4980 | D:6      | Killed a two-headed ogre
  4980 | D:6      | Reached XP level 9. HP: 39/69 MP: 9/9
  5126 | D:6      | Reached skill level 7 in Long Blades
  5157 | D:6      | Found a blossoming altar of Fedhas.
  5180 | D:6      | Found a bloodstained altar of Trog.
  5217 | D:6      | Reached **** piety under the Shining One
  5251 | D:6      | Found a white marble altar of Elyvilon.
  5921 | D:7      | Noticed PossumBlood's ghost (novice MiFi)
  5952 | D:7      | Killed PossumBlood's ghost
  5968 | D:7      | Found Jozonk's Antique Armour Boutique.
  5969 | D:7      | Got an ichor-stained long sword
  6049 | D:7      | Reached XP level 10. HP: 44/77 MP: 10/10
  6353 | D:7      | Reached skill level 8 in Long Blades
  6438 | D:7      | Found a burning altar of Makhleb.
  6438 | D:7      | Noticed a balrug
  6778 | D:8      | Noticed Joseph
  6816 | D:8      | Killed Joseph
  6863 | D:8      | Identified the +6 long sword "Transmigrator" {venom, +Blink +Fly MR- Dex-4} (You found it on level 7 of the Dungeon)
  6970 | D:8      | Noticed Maurice
  7124 | D:8      | Found a flagged portal.
  7219 | D:8      | Found an iron altar of Okawaru.
  7259 | D:8      | Reached ***** piety under the Shining One
  7351 | D:8      | Killed Maurice
  7470 | D:8      | Noticed Prince Ribbit
  7481 | D:8      | Killed Prince Ribbit
  7614 | D:9      | Found a shimmering altar of Xom.
  7716 | D:9      | Reached skill level 9 in Long Blades
  7725 | D:9      | Found a stormy altar of Qazlal.
  7945 | D:9      | Reached XP level 11. HP: 85/85 MP: 11/11
  8134 | D:9      | Found a staircase to the Lair.
  8138 | D:9      | Noticed a cyclops
  8169 | D:9      | Killed a cyclops
  8210 | D:9      | Reached skill level 1 in Stealth
  8237 | D:9      | Noticed Anatei's ghost (novice FeBe)
  8265 | D:9      | Slain by Anatei's ghost

Skill      XL: |  1  2  3  4  5  6  7  8  9 10 11 |
---------------+----------------------------------+-----
Dodging        | 1 2 3 |  3.2
Long Blades    | 3 4 5 6 7 9 |  9.4
Shields        | 4 5 6 8 |  8.3
Armour         | 4 5 6 7 8 |  8.1
Fighting       | 4 5 6 7 |  7.7
Stealth        | 1 |  1.0
Bows           | |  0.2

Action                   |  1- 3 |  4- 6 |  7- 9 | 10-12 || total
-------------------------+-------+-------+-------+-------++-------
Melee: Long sword        |    77 |   114 |   456 |   226 ||   873
       Mace              |       |       |       |    14 ||    14
 Fire: Shortbow          |       |       |       |    21 ||    21
Throw: Stone             |       |     3 |     1 |       ||     4
  Use: Scroll            |     5 |     5 |    11 |     2 ||    23
       Potion            |       |       |     6 |     3 ||     9
  Eat: Beef jerky        |     1 |       |       |       ||     1
       Bread ration      |       |     1 |     1 |       ||     2
       Pizza             |       |       |     2 |     1 ||     3
       Meat ration       |       |       |     1 |     3 ||     4
Armor: Scale mail        |    65 |     7 |       |       ||    72
       Plate armour      |       |    43 |   228 |   114 ||   385
Dodge: Dodged            |    42 |    15 |    54 |    51 ||   162
Block: Shield            |    48 |    63 |   198 |   159 ||   468
       Reflection        |       |       |       |     6 ||     6
